 Seeded DCSS version 0.28.0-53-g5a82cb258f (webtiles) character file.

Game seed: 6929688639983270860 (custom seed)

38 cbfl8 the Skirmisher (level 3, 33/33 HPs)
             Began as a Hill Orc Fighter on July 21, 2022.
             Was a Follower of Vehumet.
             Quit the game on level 1 of the Dungeon.
             The game lasted 00:01:59 (666 turns).

cbfl8 the Skirmisher (Hill Orc Fighter)              Turns: 666, Time: 00:02:00

Health: 33/33      AC:  8    Str: 20    XL:     3   Next: 43%
Magic:  3/3        EV:  9    Int:  8    God:    Vehumet [*.....]
Gold:   10         SH:  4    Dex: 10    Spells: 2/2 levels left

rFire   . . .      SeeInvis .   a - +0 war axe
rCold   . . .      Faith    .   c - +0 buckler
rNeg    . . .      Spirit   .   b - +0 scale mail
rPois   .          Reflect  .   (no helmet)
rElec   .          Harm     .   (no cloak)
rCorr   .          Rampage  .   (no gloves)
Will    .....                   f - +0 pair of boots
Stlth   ..........              (no amulet)
HPRegen 0.11/turn               (no ring)
MPRegen 0.08/turn               (no ring)

@: no status effects
A: screaming 1, MP-powered wands
a: Renounce Religion


You were on level 1 of the Dungeon.
You worshipped Vehumet.
Vehumet was aware of your devotion.
You visited 1 branch of the dungeon, and saw 1 of its levels.

You collected 10 gold pieces.

Inventory:

Hand Weapons
 a - a +0 war axe (weapon)
Armour
 b - a +0 scale mail (worn)
 c - a +0 buckler (worn)
 f - a +0 pair of boots (worn)
Scrolls
 e - a scroll of vulnerability {unknown}
 g - a scroll of identify {unknown}
 h - a scroll of silence {unknown}
 i - a scroll of fog {unknown}
Potions
 d - a potion of might


   Skills:
 + Level 4.2 Fighting
 + Level 3.2 Axes
 + Level 3.8 Armour
 + Level 0.2 Dodging
 + Level 3.5 Shields


You had 2 spell levels left.
You didn't know any spells.
Your spell library contained the following spells:

 Spells                   Type           Power      Damage    Failure   Level
 Sandblast                Erth           0%         2d4       85%         1
 Slow                     Hex            0%         N/A       85%         1
 Confusing Touch          Hex            0%         N/A       99%         3
 Vampiric Draining        Necr           0%         2d6       99%         3


Dungeon Overview and Level Annotations

Branches:
Dungeon (1/15)

Altars:
Vehumet
Beogh


Innate Abilities, Weirdness & Mutations

You occasionally shout uncontrollably at your foes.
You expend magic power (3 MP) to strengthen your wands.


Message History

Why would you want to do that? The giant cockroach misses you.
You slash the giant cockroach!
You kill the giant cockroach!
Press: ? - help, . - travel You can't see that place.
It was a potion of mutation.
You feel extremely strange.
You feel your magical essence link to the dungeon's wands.
You feel the urge to shout.
You see here 29 arrows.
You open the door.
Found a large rock.
Found a faded altar of an unknown god.
There is an open door here.
There is a faded altar of an unknown god here.
You see here a large rock.
There is an open door here.
You see here 29 arrows.
Why would you want to do that?
You open the door.
Found a minotaur skeleton.
There is an open door here.
You open the door.
Found a kobold skeleton.
There is an open door here.
You see here 29 arrows.
There is an open door here.
There is a faded altar of an unknown god here.
You see here a large rock.
You cannot tell which god this altar belongs to.
Convert to them anyway?
Okay, then.
Unknown command.
Press < or > to pray at altars.
You cannot tell which god this altar belongs to.
Convert to them anyway?
Okay, then.
You cannot tell which god this altar belongs to.
Convert to them anyway?
Vehumet accepts your prayer! Vehumet welcomes you!
You can now gain magical power from killing.
Vehumet offers you knowledge of Sandblast.
Are you sure you want to abandon this character and quit the game? (Confirm with "yes".)

............#≈#...####.#
......⌠.....≈_≈...'÷##.#
............#≈#...####.#
######............# #.#
##..#.........####.# #
.....##.......##....#
..###...##..(..########
..(> .....######'###
......##...)...#@#
......##.......###
......##.........#
......##.........#########
##....##.................#
#........................#
#..####..................#
.................#########
..####...........#


There were no monsters in sight!

Vanquished Creatures
  A gnoll (D:1)
  A ball python (D:1)
  5 giant cockroaches (D:1)
  2 goblins (D:1)
  3 hobgoblins (D:1)
  2 jackals (D:1)
  A quokka (D:1)
  4 bats (D:1)
  3 frilled lizards (D:1)
  A kobold (D:1)
  2 rats (D:1)
25 creatures vanquished.

Notes
Turn   | Place    | Note
-------+----------+-------------------------------------------
     0 | D:1      | cbfl8 the Hill Orc Fighter began the quest for the Orb.
     0 | D:1      | Reached XP level 1. HP: 19/19 MP: 1/1
   145 | D:1      | Reached XP level 2. HP: 20/26 MP: 2/2
   270 | D:1      | Reached skill level 4 in Fighting
   293 | D:1      | Reached XP level 3. HP: 24/33 MP: 3/3
   587 | D:1      | Found a roughly hewn altar of Beogh.
   612 | D:1      | Gained mutation: You expend magic power (3 MP) to
                  | strengthen your wands. [potion of mutation]
   612 | D:1      | Gained mutation: You occasionally shout uncontrollably at
                  | your foes. [potion of mutation]
   620 | D:1      | Found a faded altar of an unknown god.
   665 | D:1      | Prayed at the altar of an unknown god.
   665 | D:1      | Became a worshipper of Vehumet
   665 | D:1      | Reached * piety under Vehumet
   665 | D:1      | Offered knowledge of Sandblast by Vehumet.
   666 | D:1      | Quit the game

Illustrated notes

Levels and vault maps discovered:
D:1:      tarquinn_simple_flora_water_a, layout_basic,
          hellmonk_ecumenical_altar_defaced_shrine

Skill      XL: |  1  2  3 |
---------------+----------+-----
Fighting       | 4 |  4.2
Axes           | 3 |  3.2
Armour         | |  3.8
Dodging        | |  0.2
Shields        | |  3.5

Action                   || total
-------------------------++-------
Melee: War axe           ||    73
  Use: Potion            ||     1
Armor: Scale mail        ||    56
Dodge: Dodged            ||    55
Block: Buckler           ||    37
